 Dungeon Crawl Stone Soup version 0.32-a0-41-gec2d92a32c (webtiles) character file.

Game seed: 16644889979552095333

6077 seren the Mimic (level 10, -4/107 HPs)
             Began as an Oni Shapeshifter on Jan 25, 2024.
             Was a Follower of Wu Jian.
             Slain by Harold
             ... wielding a +0 war axe
              (21 damage)
             ... on level 8 of the Dungeon.
             The game lasted 00:34:12 (8828 turns).

seren the Mimic (Oni Shapeshifter)                  Turns: 8828, Time: 00:34:12

Health: -4/107     AC:  4    Str: 24    XL:     10   Next: 88%
Magic:  10/10      EV: 12    Int: 11    God:    Wu Jian [*.....]
Gold:   449        SH:  0    Dex: 14    Spells: 9/9 levels left

rFire   + +          .
                       - Unarmed
rCold   . . .        (no shield)
rNeg    . . .        p - +1 robe of the Stars {rF++ Regen+}
rPois   +            g - melded +0 hat
rElec   .            (cloak currently unavailable)
rCorr   .            (gloves unavailable)
SInv    .            (boots unavailable)
Will    ++...        A - amulet of magic regeneration
Stlth   +            m - +6 ring of dexterity
HPRegen 1.17/turn    (no ring)
MPRegen 0.52/turn

%: no passive effects
@: beast-form
A: beast (slay +4), large, unfitting armour, horns 1, tough skin 1, double
potion healing, drunken brawling, strong-willed 1, poison resistance
a: Begin Untransformation, Renounce Religion


You were on level 8 of the Dungeon.
You worshipped Wu Jian.
Wu Jian was aware of your devotion.
You were a hulking beast.
You visited 2 branches of the dungeon, and saw 10 of its levels.

You collected 569 gold pieces.
You spent 120 gold pieces at shops.

Inventory:

Hand Weapons
 a - a +4 trident of draining
 b - a +1 whip of flaming
 f - a +0 dagger of draining
 B - a +0 dagger of venom
 L - a +3 dagger of venom
 M - a +2 shortbow of electrocution
Missiles
 j - 3 darts of dispersal
 u - 6 silver javelins
 C - 2 curare-tipped darts
 J - 8 poisoned darts
 K - 6 boomerangs (quivered)
Armour
 g - a +0 hat (melded)
 p - the +1 robe of the Stars (worn) {rF++ Regen+}
   (You found it on level 2 of the Dungeon)

   rF++:      It greatly protects you from fire.
   Regen+:    It increases your rate of health regeneration.
Magical Staves
 i - a staff of alchemy
Jewellery
 m - a +6 ring of dexterity (left hand)
 v - a ring of wizardry
 A - an amulet of magic regeneration (around neck)
Talismans
 c - a beast talisman (active)
 d - a flux talisman
 D - a blade talisman
Wands
 s - a wand of roots (16)
 E - a wand of charming (14)
 H - a wand of polymorph (6)
Scrolls
 e - 3 scrolls of amnesia
 k - 3 scrolls of fear
 n - a scroll of torment {unknown}
 o - a scroll of vulnerability
 q - a scroll of blinking {unknown}
 r - a scroll of teleportation {!r}
 w - a scroll of fog {unknown}
 x - 2 scrolls of noise
 y - a scroll of poison {unknown}
 G - a scroll of immolation {unknown}
 I - a scroll of enchant weapon {unknown}
Potions
 h - 4 potions of brilliance
 l - a potion of mutation {!q}
 t - a potion of degeneration {unknown}
 z - a potion of might {unknown}
 F - a potion of ambrosia {unknown}


   Skills:
 + Level 9.2 Fighting
 + Level 6.5 Dodging
 + Level 6.8 Unarmed Combat
 - Level 4.0 Evocations
 + Level 9.3 Shapeshifting


You had 9 spell levels left.
You didn't know any spells.
Your spell library contained the following spells:

 Spells                   Type           Power      Damage    Failure   Level
 Sandblast                Erth           0%         2d4       34%         1
 Ensorcelled Hibernation  Hex/Ice        0%         N/A       47%         2
 Call Canine Familiar     Summ           0%         N/A       71%         3
 Frozen Ramparts          Ice            0%         1d1       71%         3
 Fugue of the Fallen      Necr           0%         N/A       71%         3
 Passwall                 Erth           0%         N/A       71%         3
 Stone Arrow              Conj/Erth      0%         3d7       71%         3
 Anguish                  Hex/Necr       0%         N/A       98%         4
 Brom's Barrelling Bould  Conj/Erth      0%         2d3       98%         4
 Leda's Liquefaction      Alch/Erth      0%         N/A       98%         4
 Petrify                  Alch/Erth      0%         N/A       98%         4
 Metabolic Englaciation   Hex/Ice        0%         N/A       100%        5
 Malign Gateway           Summ/Tloc      0%         N/A       100%        7
 Summon Horrible Things   Summ           0%         N/A       100%        8


Dungeon Overview and Level Annotations

Branches:
Dungeon (9/15)             Temple (1/1) D:7
   Lair: D:8-11         Orc: D:9-12

Altars:
Ashenzari
Dithmenos
Elyvilon
Fedhas
Gozag
Hepliaklqana
Kikubaaqudgha
Nemelex Xobeh
Okawaru
Qazlal
Ru
Sif Muna
Trog
Uskayaw
Vehumet
Wu Jian
Xom
Yredelemnul
Zin
The Shining One

Shops:
D:5 (   D:6 *

Annotations:
D:6 exclusion: downstairs
D:7 exclusion: downstairs
D:8 Gastronok, Harold
D:9 Maggie


Innate Abilities, Weirdness & Mutations

You are a hulking beast.
Your limbs bulge with bestial killing power. (Slay +4)
You are too large for most types of armour.
You have a pair of small horns on your head.
You have tough skin. (AC +1)
You gain doubled healing and magic from potions.
Whenever you drink a healing potion, you attack all around you.
You are strong-willed. (Will+)
Your system is resistant to poisons. (rPois)


Message History

* * * LOW HITPOINT WARNING * * *
Harold shouts, "Can you die now?
I had plans for the rest of the day!"
Harold barely misses you. The bullfrog hits you.
* * * LOW HITPOINT WARNING * * *
Maggie hits you from afar with a +2 halberd of flaming!
* * * LOW HITPOINT WARNING * * *
The bullfrog hits you.
* * * LOW HITPOINT WARNING * * *
Harold hits you with a +0 war axe!
* * * LOW HITPOINT WARNING * * *
You climb upwards.
Level annotation: Gastronok
There is a stone staircase leading down here.
You punch the bullfrog! Your punch misses the bullfrog.
The bullfrog is heavily wounded.
The bullfrog hits you.
* * * LOW HITPOINT WARNING * * *
Harold hits you with a +0 war axe!!
* * * LOW HITPOINT WARNING * * *
The bullfrog barely misses you.
You punch the bullfrog!
You kill the bullfrog!
The Council accepts your kill. Harold hits you with a +0 war axe!
* * * LOW HITPOINT WARNING * * *
Okay, then.
As you read the scroll of fear, it crumbles to dust.
You assume a fearsome visage.
Harold looks frightened!
You lunge at Harold.
You strike the helpless Harold from behind!
You punch Harold!
Your attack snaps Harold out of his fear.
Harold is lightly wounded.
Harold hits you with a +0 war axe!
* * * LOW HITPOINT WARNING * * *
You punch Harold! You headbutt Harold.
Harold is moderately wounded.
Harold hits you with a +0 war axe!!
You die...
Harold sighs, "Nothing for old Harold but fishing after this."

#####.####>.)..#.# #(#######
.####.# ####..#.########.#......
...##.#######..#.................
##...).....##..##########.#.#####
...).).........# #.#.# #
.~~###'###~~.#.# #.#.# #
.~###...###~.#.######## #.#.# #
≈##...)...##~#.#@.....# #.#.# #
~####...####≈~.#h####.# #.#.# #
≈##.......##≈~.#......# #.#.# #
≈####...####≈~#.[>.#..# #.#.# #
≈##.......##≈~...#....# #.#...# #
≈####...####≈~...#.#..###.#.### #
≈##.......##≈~##.#.#......#.. #
≈####...####≈≈##.#......#########
≈##.......##≈≈##.##.#...#........
≈####...####≈≈ #.##.......#######


You could see Harold.

Vanquished Creatures
  A two-headed ogre (D:8)
  Pikel (D:4)
  Jeremiah (D:7)
  A merfolk (D:8)
  A hornet (D:7)
  A troll (D:8)
  5 yaks
  A steam dragon (D:7)
  Menkaure (D:7)
  An orc warrior (D:8)
  An ice beast (D:6)
  2 black bears
  5 centaurs
  An ogre (D:5)
  A lemure (D:4)
  Blork the orc (D:5)
  3 kobold brigands
  3 bullfrogs
  A gnoll sergeant (D:8)
  3 scorpions
  5 wights
  10 killer bees
  A howler monkey (D:4)
  3 bombardier beetles
  A hound (D:7)
  6 orc priests
  A sleepcap (D:5)
  Jessica (D:3)
  4 iguanas
  7 orc wizards
  8 gnolls (D:8)
  7 adders
  A shadow imp (D:6)
  2 white imps
  2 ribbon worms
  3 dart slugs
  27 orcs
  6 ball pythons
  4 endoplasms
  4 giant cockroaches
  5 goblins
  8 hobgoblins
  14 jackals
  10 kobolds
  10 quokkas
  2 bats
  4 frilled lizards
  8 rats
199 creatures vanquished.

Notes
Turn   | Place    | Note
-------+----------+-------------------------------------------
     0 | D:1      | seren the Oni Shapeshifter began the quest for the Orb.
     0 | D:1      | Reached XP level 1. HP: 19/19 MP: 1/1
    80 | D:1      | Reached XP level 2. HP: 7/25 MP: 2/2
   471 | D:1      | Reached XP level 3. HP: 31/35 MP: 3/3
  1112 | D:2      | Identified the +1 robe of the Stars {rF++ Regen+}
  1175 | D:2      | Reached XP level 4. HP: 43/44 MP: 4/4
  1627 | D:3      | Noticed Jessica
  1632 | D:3      | Killed Jessica
  1761 | D:3      | Reached XP level 5. HP: 53/53 MP: 5/5
  2340 | D:4      | Noticed a lemure
  2520 | D:4      | Noticed Pikel
  2727 | D:4      | Noticed a lemure
  2847 | D:5      | Entered Level 5 of the Dungeon
  2907 | D:5      | Noticed Blork the orc
  2934 | D:5      | Reached XP level 6. HP: 32/62 MP: 6/6
  3018 | D:5      | Killed Blork the orc
  3264 | D:5      | Found Ycasoq's Weapon Boutique.
  3345 | D:5      | Reached XP level 7. HP: 36/71 MP: 7/7
  3433 | D:5      | Reached skill level 5 in Shapeshifting
  3991 | D:6      | Found Reg Eca's Assorted Antiques.
  4010 | D:6      | Reached skill level 5 in Fighting
  4015 | D:6      | Bought a lumpy sapphire amulet for 120 gold pieces
  4204 | D:6      | Reached XP level 8. HP: 77/80 MP: 8/8
  4239 | D:6      | Reached skill level 1 in Evocations
  4493 | D:6      | Got Sif Muna's Reference Book on Attendants
  4782 | D:7      | Found a glowing golden altar of the Shining One.
  4959 | D:7      | Reached skill level 5 in Unarmed Combat
  5042 | D:7      | Noticed Menkaure
  5042 | D:7      | Noticed a hornet
  5089 | D:7      | Reached XP level 9. HP: 85/87 MP: 9/9
  5206 | D:7      | Noticed Jeremiah
  5890 | D:8      | Noticed Gastronok
  5949 | D:8      | Noticed a two-headed ogre
  5962 | D:8      | Killed a two-headed ogre
  5963 | D:8      | Reached skill level 5 in Dodging
  6263 | D:7      | Found a staircase to the Ecumenical Temple.
  6270 | Temple   | Entered the Ecumenical Temple
  6365 | Temple   | Became a worshipper of the Wu Jian Council
  6494 | D:7      | Paralysed by a hornet for 3 turns
  6499 | D:7      | Gained mutation: You are strong-willed. (Will+) [potion of
                  | mutation]
  6499 | D:7      | Gained mutation: Your system is resistant to poisons.
                  | (rPois) [potion of mutation]
  6503 | D:7      | Killed a hornet
  6612 | D:7      | Killed Menkaure
  6743 | D:4      | Killed Pikel
  6744 | D:4      | Reached XP level 10. HP: 81/104 MP: 10/10
  7232 | D:8      | Reached * piety under Wu Jian
  7401 | D:8      | Found an ornate altar of the Wu Jian Council.
  7646 | D:7      | Killed Jeremiah
  7935 | D:8      | You fall into a shaft and drop 1 floor!
  8396 | D:9      | Noticed Maggie
  8577 | D:9      | Noticed a centaur warrior
  8578 | D:9      | Noticed a manticore
  8655 | D:8      | HP: 5/107 [troll (18)]
  8802 | D:9      | Noticed Harold
  8828 | D:8      | Slain by Harold

Illustrated notes

Levels and vault maps discovered:
D:1:      dpeg_arrival_rooms_with_view, layout_rooms, hex_medium
D:2:      layout_loops_ring, minmay_misc_feat_ornament, serial_bayou_pond_e,
          grunt_ministairs_2
D:3:      layout_loops_corners, uniq_jessica
D:4:      layout_basic, nicolae_ossuary_entry_ruins, uniq_pikel
D:5:      layout_loops_ring, serial_rivers, chequers_serial_rivers_micro_b,
          chequers_serial_rivers_large_b, chequers_serial_rivers_micro_a,
          chequers_serial_rivers_room_a, chequers_serial_rivers_micro_a,
          chequers_serial_rivers_large_a, serial_shops, shop,
          uniq_crazy_yiuf_cottage, uniq_blork_the_orc
D:6:      layout_rooms, serial_shops, nicolae_square_shop, minivault_1,
          serial_library_hellmonk_metal_room
D:7:      layout_cave_pods, tso_metal_star,
          minmay_temple_entry_statues_fountains, nicolae_figureground_sparkle,
          uniq_menkaure, uniq_jeremiah
D:8:      layout_basic, erik_lair_orcish_takeover, roadster_trireme,
          uniq_gastronok
D:9:      layout_irregular_city, serial_shops, shop, nicolae_eternal_life,
          minmay_radiant, uniq_erica, uniq_harold, uniq_maggie
Temple:   nicolae_temple_bog_church

Skill      XL: |  1  2  3  4  5  6  7  8  9 10 |
---------------+-------------------------------+-----
Dodging        | 2 3 4 5 6 |  6.5
Fighting       | 2 3 4 5 6 8 9 |  9.2
Unarmed Combat | 3 4 5 6 |  6.8
Shapeshifting  | 4 5 6 8 9 |  9.3
Evocations     | 2 3 4 |  4.0

Action                     |  1- 3 |  4- 6 |  7- 9 | 10-12 || total
---------------------------+-------+-------+-------+-------++-------
  Melee: Unarmed           |   103 |   152 |   260 |   164 ||   679
         Headbutt          |    11 |    31 |    60 |    39 ||   141
         Punch             |     1 |     2 |     9 |     4 ||    16
  Throw: Boomerang         |       |       |       |     3 ||     3
         Throwing net      |       |       |       |     1 ||     1
Ability: Begin Untransform |       |       |     1 |       ||     1
         Lunge             |       |       |     3 |    16 ||    19
         Whirlwind         |       |       |       |     5 ||     5
    Use: Scroll            |       |     4 |     4 |     5 ||    13
         Potion            |       |       |     9 |     1 ||    10
   Stab: Distracted        |     1 |       |       |     1 ||     2
         Sleeping          |       |     1 |     1 |       ||     2
         Fleeing           |       |       |       |     1 ||     1
         Held in net/web   |       |       |       |     1 ||     1
 Armour: Animal skin       |    65 |       |       |       ||    65
         Robe              |     1 |    66 |   164 |   161 ||   392
         Skin              |       |     8 |    74 |       ||    82
  Dodge: Dodged            |    58 |    48 |   136 |   115 ||   357
   Form: Beast             |       |     1 |     1 |     1 ||     3
         Flux              |       |     1 |     1 |     1 ||     3

Table legend: (Time is in decaauts)
 A = Elapsed time spent in this place.
 B = Non-inter-level travel time spent in this place.
 C = Inter-level travel time spent in this place.
 D = Time resting spent in this place.
 E = Time spent auto-exploring this place.
 F = Levels seen in this place.
 G = Mean time per level.
                   A        B        C        D        E       F      G
               +--------+--------+--------+--------+--------+-----+--------+
         Total |   8783 |   8150 |    633 |   1159 |   3726 |  10 |  878.3 |
       Dungeon |   8675 |   8042 |    633 |   1135 |   3726 |   9 |  963.9 |
        Temple |    107 |    107 |      0 |     24 |      0 |   1 |  107.0 |
               +--------+--------+--------+--------+--------+-----+--------+

Top non-repeatable levels by time:
     D:7: 1753 daAuts
     D:8: 1187 daAuts
     D:5: 1174 daAuts
     D:3: 936 daAuts
     D:4: 920 daAuts
     D:6: 831 daAuts
     D:2: 784 daAuts
     D:1: 610 daAuts
     D:9: 477 daAuts
  Temple: 107 daAuts
